Map: 瑟拉斯废墟

Players

Quail

  • Race: Protoss Protoss
  • League: Diamond

ICEREMONYo - Winner!

  • Race: Protoss Protoss
  • League: Diamond

VOD

Have the link to the VOD?

Description

Time

  • Played on: Dec. 7, 2015, 7:32 a.m.
  • Length: 13:37
Show
View Real Time Build Order
Export as new Build Order

Quail Protoss 

Build Orders: Nexus First 

Get SALT Encoding   

  12  0:01  Probe (Chrono Boost)  
  13  0:11  Probe (Chrono Boost)  
  14  0:18  Pylon  
  14  0:23  Probe (Chrono Boost)  
  15  0:36  Probe (Chrono Boost)  
  16  0:47  Probe (Chrono Boost)  
  17  1:00  Nexus  
  17  1:03  Probe (Chrono Boost)  
  18  1:14  Gateway  
  18  1:17  Probe (Chrono Boost)  
  19  1:24  Assimilator  
  19  1:28  Probe (Chrono Boost)  
  19  1:30  Assimilator  
  20  1:41  Pylon  
  20  1:46  Probe (Chrono Boost)  
  21  1:57  Probe (Chrono Boost)  
  22  2:02  Cybernetics Core  
  22  2:08  Probe (Chrono Boost)  
  23  2:17  Gateway  
  23  2:18  Probe (Chrono Boost)  
  23  2:19  Probe (Chrono Boost)  
  25  2:26  Pylon  
  25  2:28  Probe (Chrono Boost)  
  26  2:32  Probe (Chrono Boost)  
  27  2:39  Mothership Core (Chrono Boost)  
  27  2:44  Stalker  
  31  2:46  Probe (Chrono Boost)  
  32  2:55  Warp Gate (Chrono Boost)  
  32  2:57  Probe (Chrono Boost)  
  32  2:58  Probe (Chrono Boost)  
  34  3:06  Robotics Facility  
  34  3:08  Probe (Chrono Boost)  
  35  3:14  Stalker  
  35  3:17  Probe (Chrono Boost)  
  35  3:19  Probe (Chrono Boost)  
  39  3:27  Probe (Chrono Boost)  
  39  3:29  Stalker, Probe (Chrono Boost)  
  43  3:37  Probe  
  45  3:41  Probe  
  45  3:46  Gateway  
  45  3:47  Probe  
  45  3:49  Pylon  
  45  3:52  Assimilator  
  45  3:53  Probe  
  47  3:56  Assimilator  
  47  3:59  Observer (Chrono Boost)  
  46  4:07  Stalker  
  46  4:09  Probe x2  
  44  4:18  Stalker, Observer (Chrono Boost)  
  44  4:20  Probe  
  44  4:21  Probe  
  49  4:28  Pylon  
  49  4:33  Probe x2  
  49  4:37  Stalker  
  53  4:43  Probe  
  53  4:45  Probe  
  59  4:46  Immortal (Chrono Boost)  
  59  4:54  Stalker, Probe  
  59  4:57  Probe  
  63  5:04  Probe  
  63  5:06  Pylon  
  64  5:09  Probe  
  64  5:13  Twilight Council  
  65  5:15  Probe  
  63  5:21  Probe  
  63  5:26  Probe  
  65  5:33  Probe  
  66  5:36  Probe  
  66  5:38  Stargate  
  67  5:43  Stalker x3  
  67  5:45  Probe  
  67  5:47  Probe  
  74  5:52  Blink (Chrono Boost)  
  74  6:09  Nexus  
  74  6:11  Pylon  
  74  6:13  Pylon  
  74  6:14  Pylon  
  74  6:24  Stalker x2  
  78  6:32  Fleet Beacon  
  78  6:37  Stargate  
  78  6:43  Stalker  
  80  6:48  Forge  
  80  7:00  Zealot x2  
  81  7:05  Probe x2  
  79  7:11  Gateway  
  79  7:13  Gateway  
  79  7:19  Probe x2  
  81  7:24  Photon Cannon  
  81  7:26  Protoss Ground Weapons Level 1, Photon Cannon  
  81  7:29  Photon Cannon  
  81  7:31  Probe  
  81  7:32  Probe  
  81  7:33  Gateway  
  81  7:35  Probe  
  81  7:36  Gateway  
  84  7:43  Probe  
  85  7:49  Tempest  
  85  7:50  Probe  
  89  7:51  Probe  
  89  7:54  Templar Archives  
  91  8:00  Observer  
  91  8:10  Photon Cannon  
  91  8:14  Tempest  
  91  8:19  Observer  
  95  8:20  Stalker x2, Pylon  
  100  8:29  Robotics Bay  
  100  8:31  Pylon, Photon Cannon  
  100  8:32  Probe x2  
  102  8:36  Assimilator  
  102  8:40  Assimilator  
  102  8:49  Carrier  
  104  8:57  Stalker x2  
  104  9:01  Photon Cannon  
  108  9:04  Zealot  
  108  9:05  Zealot x2  
  114  9:13  Zealot  
  114  9:14  Zealot  
  114  9:15  Probe x2  
  120  9:21  Charge (Chrono Boost)  
  120  9:22  Probe  
  121  9:27  Probe x2  
  123  9:31  Carrier (Chrono Boost)  
  129  9:42  Zealot  
  129  9:43  Zealot  
  133  9:52  Pylon  
  133  9:54  Pylon  
  133  9:59  Pylon  
  132  10:13  High Templar x2  
  136  10:15  High Templar, Carrier (Chrono Boost)  
  136  10:17  Zealot x4  
  152  10:25  Protoss Ground Weapons Level 2 (Chrono Boost)  
  150  10:39  Zealot  
  150  10:40  Zealot x2  
  156  10:48  Pylon  
  156  10:49  Probe, Pylon  
  157  11:01  Probe  
  157  11:06  Tempest (Chrono Boost)  
  160  11:14  Stalker x2  
  160  11:15  Stalker x3  
  168  11:20  Zealot  
  168  11:21  Zealot  
  172  11:45  Nexus  
  172  11:46  Pylon  
  172  11:55  Pylon  
  172  12:00  Pylon  
  172  12:01  Tempest  
  172  12:02  Pylon  
  172  12:03  Mothership Core  
  172  12:04  Carrier  
  180  12:18  Adept  
  180  12:19  Adept x3  
  181  12:35  High Templar x2  
  181  12:36  Probe  
  174  12:38  Probe x2, Tempest  
  174  12:40  High Templar  
  176  12:50  Probe  
  177  12:53  Probe  
  177  12:55  Probe  
  179  13:02  Probe  
  178  13:11  Archon  
Show
View Real Time Build Order
Export as new Build Order

ICEREMONYo Protoss - Winner!

Build Orders: 1 Gate Expand, Oracle Opening 

Get SALT Encoding   

  12  0:02  Probe (Chrono Boost)  
  13  0:13  Probe (Chrono Boost)  
  14  0:20  Pylon  
  14  0:23  Probe (Chrono Boost)  
  15  0:38  Probe (Chrono Boost)  
  15  0:41  Gateway  
  16  0:49  Probe (Chrono Boost)  
  17  0:52  Assimilator  
  17  0:59  Probe (Chrono Boost)  
  18  1:10  Probe (Chrono Boost)  
  19  1:20  Probe (Chrono Boost)  
  20  1:31  Nexus  
  20  1:34  Probe (Chrono Boost)  
  21  1:45  Cybernetics Core  
  21  1:49  Assimilator  
  21  1:53  Probe (Chrono Boost)  
  22  2:17  Probe (Chrono Boost), Pylon  
  23  2:26  Warp Gate  
  23  2:28  Stargate  
  23  2:35  Stalker  
  23  2:36  Probe (Chrono Boost)  
  26  2:46  Probe (Chrono Boost)  
  26  2:50  Mothership Core (Chrono Boost)  
  29  2:57  Probe (Chrono Boost)  
  30  3:07  Probe (Chrono Boost), Pylon  
  30  3:08  Probe (Chrono Boost)  
  32  3:16  Oracle (Chrono Boost)  
  32  3:17  Probe (Chrono Boost)  
  32  3:18  Probe  
  37  3:27  Probe, Assimilator  
  37  3:30  Probe  
  37  3:31  Stalker  
  41  3:38  Probe  
  42  3:42  Probe  
  43  3:49  Probe  
  43  3:54  Probe, Gateway  
  45  3:56  Gateway  
  45  4:17  Robotics Facility  
  45  4:19  Pylon  
  45  4:23  Probe  
  46  4:26  Probe  
  46  4:27  Pylon  
  46  4:28  Pylon  
  46  4:29  Phoenix (Chrono Boost)  
  49  4:32  Assimilator  
  49  4:37  Stalker  
  51  4:49  Probe  
  51  4:50  Twilight Council, Probe  
  53  4:53  Pylon  
  53  4:58  Stalker x2  
  53  4:59  Probe  
  57  5:04  Probe  
  57  5:05  Observer (Chrono Boost)  
  60  5:10  Probe, Phoenix  
  63  5:16  Probe  
  63  5:20  Probe  
  62  5:29  Probe  
  62  5:35  Pylon  
  63  5:38  Phoenix  
  65  5:45  Stalker x3  
  70  6:02  Nexus  
  70  6:03  Void Ray  
  74  6:10  Stalker, Zealot  
  78  6:26  Probe, Immortal (Chrono Boost)  
  78  6:27  Probe  
  78  6:30  Pylon x2  
  84  6:39  Probe  
  85  6:44  Protoss Air Weapons Level 1  
  85  6:45  Probe  
  85  6:46  Void Ray  
  90  6:51  Probe  
  91  6:55  Probe  
  92  7:08  Stalker x3, Probe  
  98  7:10  Probe  
  100  7:22  Stargate  
  100  7:23  Probe  
  100  7:24  Probe x2  
  100  7:25  Pylon  
  107  7:30  Assimilator  
  107  7:33  Assimilator  
  107  7:41  Phoenix  
  105  7:50  Probe  
  105  7:51  Fleet Beacon  
  105  7:52  Probe x2  
  105  7:54  Pylon  
  108  8:01  Probe  
  108  8:02  Forge  
  109  8:06  Phoenix  
  109  8:12  Phoenix  
  113  8:23  Probe  
  113  8:25  Probe  
  115  8:28  Cybernetics Core  
  115  8:30  Phoenix  
  115  8:31  Forge  
  115  8:32  Probe  
  118  8:34  Probe  
  118  8:37  Probe  
  120  8:43  Carrier (Chrono Boost)  
  126  8:49  Nexus  
  126  8:52  Pylon  
  126  8:54  Pylon  
  126  9:00  Phoenix  
  128  9:11  Protoss Shields Level 1  
  128  9:14  Photon Cannon  
  128  9:16  Photon Cannon  
  128  9:18  Pylon, Photon Cannon  
  128  9:21  Protoss Air Weapons Level 2  
  128  9:22  Protoss Air Armor Level 1  
  128  9:25  Phoenix (Chrono Boost)  
  130  9:49  Carrier (Chrono Boost)  
  130  9:52  Pylon, Stargate  
  136  9:58  Probe  
  137  10:00  Probe x3  
  137  10:01  Assimilator  
  137  10:05  Assimilator  
  140  10:09  Probe  
  140  10:12  Probe  
  142  10:24  Carrier (Chrono Boost)  
  148  10:35  Stargate x2  
  148  10:48  Photon Cannon  
  148  10:49  Photon Cannon  
  148  10:51  Photon Cannon x2  
  154  11:03  Carrier (Chrono Boost)  
  160  11:04  Carrier (Chrono Boost)  
  156  11:32  Void Ray x2 (Chrono Boost)  
  170  11:41  Carrier (Chrono Boost), Photon Cannon x2  
  170  11:43  Photon Cannon  
  170  11:52  Photon Cannon  
  170  11:53  Photon Cannon  
  170  11:54  Pylon  
  170  11:56  Pylon  
  170  11:57  Photon Cannon  
  170  12:01  Photon Cannon  
  170  12:15  Void Ray x2 (Chrono Boost)  
  163  12:45  Void Ray (Chrono Boost)  
  165  12:55  Pylon  
  165  12:56  Pylon  
  165  12:59  Pylon  
Tags
 
Add a new tag
Caveats
  • Supply blocks, unpowered buildings, or Contaminate may cause inaccurate times.
  • Supply counts are checked every 10 seconds.